Cogmind - Beta 16 @@@ ROGUE MODE // 2025.11.11 @ 12:03:40 Player: ClassActJerk Result: Destroyed by as-80444 with Assembled F-torch Performance ------------- Evolutions (0) 0 Regions Visited (2) 400 Robots Destroyed (12) 60 Value Destroyed (283) 283 Prototype IDs (0) 0 Alien Tech Used (0) 0 Bonus (-132) -132 TOTAL SCORE: 611 Bonus ------- Friendly Fire -132 Cogmind --------- Core Integrity 0/250 Matter 287/300 Energy 97/100 System Corruption 0% Temperature Cool (20) Movement Core (150) Ox2 Location -10/Mines Parts ------- > --- POWER (1) -------- (None) > --- PROPULSION (2) --- (None) > --- UTILITY (2) ------ Small Storage Unit Core Shielding > --- WEAPON (2) ------- Light Assault Rifle > --- INVENTORY (8) ---- Terrain Scanner Peak State ------------ > --- POWER ------------ Ion Engine > --- PROPULSION ------- Aluminum Leg Aluminum Leg > --- UTILITY ---------- Small Storage Unit Terrain Scanner > --- WEAPON ----------- Medium Laser Small Laser > --- INVENTORY -------- Ion Engine Aluminum Leg Grenade Launcher [Rating: 7] Favorites ----------- Power Ion Engine Engine Ion Engine Propulsion Aluminum Leg Leg Aluminum Leg Utility Small Storage Unit Device Terrain Scanner Storage Small Storage Unit Protection Core Shielding Weapon Medium Laser Energy Gun Medium Laser Ballistic Gun Light Assault Rifle Launcher Grenade Launcher Build | -11 -10 -10 ------- Run | Yrd Mat Min Slots Evolved . | . . . Power . | . . . Propulsion . | . . . Utility . | . . . Weapon . | . . . Parts Attached 15 | 4 4 7 Power 3 | 1 . 2 Engine 3 | 1 . 2 Core . | . . . Reactor . | . . . Propulsion 3 | 2 . 1 Treads . | . . . Leg 3 | 2 . 1 Wheel . | . . . Hover . | . . . Flight . | . . . Utility 3 | 1 2 . Device 1 | . 1 . Storage 1 | 1 . . Processor . | . . . Hackware . | . . . Protection 1 | . 1 . Artifact . | . . . Weapon 6 | . 2 4 Energy Gun 3 | . 2 1 Energy Cannon . | . . . Ballistic Gun 2 | . . 2 Ballistic Cannon . | . . . Launcher 1 | . . 1 Special Weapon . | . . . Impact Weapon . | . . . Slashing Weapon . | . . . Piercing Weapon . | . . . Special Melee Weapon . | . . . Unidentified Prototypes . | . . . Parts Lost 8 | . . 8 Power 2 | . . 2 Propulsion 2 | . . 2 Utility . | . . . Weapon 4 | . . 4 Highest Loss Streak 6 | . . 6 To Critical Strikes . | . . . Average Backups 3 | 2 3 2 Power . | . 1 . Propulsion . | . . . Utility . | . . 1 Weapon 1 | 1 1 . Tool/Special . | . . . Unused Backups . | . . . Power . | . . . Propulsion . | . . . Utility . | . . . Weapon . | . . . Tool/Special . | . . . Average Slot Usage (%) 88 | . 88 87 Engine 13 | . 14 13 Leg 27 | . 28 26 Device 3 | . 7 . Storage 14 | . 14 14 Protection 9 | . 5 14 Energy Gun 13 | . 18 8 Ballistic Gun 1 | . . 3 Launcher 3 | . . 7 Peak Build Rating 7 | 4 7 7 Average Rating 6 | 3 6 6 On Entrance 3 | . 4 7 Avg Prop Armor Cover (%) . | . . . Naked Turns . | . . . Heaviest Build 15 | 10 14 15 Greatest Support 20 | 20 20 20 Greatest Overweight (x) 1 | 1 . 1 Average Overweight (x) . | . . . Largest Inventory Capacity 8 | 8 8 8 Average Capacity 7 | 7 8 8 Most Carried 6 | 4 5 6 Average Carried 3 | 2 3 2 Final Capacity 8 | 8 8 8 Final Carried 4 | 3 4 1 Class Distribution -------------------- 100% | Mutant Dominant Class ---------------- Mutant | -10/Materials Mutant | -10/Mines Resources | -11 -10 -10 ----------- Run | Yrd Mat Min Matter Collected 395 | 167 81 147 Remotely . | . . . Salvage Created 375 | . 81 294 Parts 19 | . 1 18 Haulers Intercepted . | . . . Recyclers Shooed . | . . . Parts Field Recycled . | . . . Retrieved Matter . | . . . Parts Self-Destructed . | . . . Prevented . | . . . Parts Restored . | . . . Kills | -11 -10 -10 ------- Run | Yrd Mat Min Combat Hostiles Destroyed 13 | . 2 11 Guns 4 | . 2 2 AOE 9 | . . 9 Classes Destroyed 6 | . 1 5 Tunneler 1 | . . 1 Recycler 1 | . . 1 Swarmer 3 | . . 3 Grunt 6 | . 2 4 Assembled 4 | . . 4 Guerrilla 1 | . . 1 Best Kill Streak 4 | . 2 4 Combat Bots Only 4 | . 2 4 Max Kills in Single Turn 3 | . 1 3 Gunslinging . | . . . Exploded 3 | . . 3 Melee . | . . . Uniques/NPCs Destroyed . | . . . Combat | -11 -10 -10 -------- Run | Yrd Mat Min Hostile Shots Fired 100 | . 21 79 Missed 29 | . 4 25 Hits 71 | . 17 54 Melee 13 | . . 13 Projectile 58 | . 17 41 AOE 1 | . . 1 Critical Strikes 1 | . . 1 Part Disruptions 1 | . . 1 Damage Taken 1192 | . 187 1005 Core 255 | . 8 247 Absorbed by Shields . | . . . Redirected to Shielding 49 | . 2 47 Core Remaining (%) 100 | 100 . . Volleys Fired 45 | . 11 34 Largest 2 | . 2 2 Hottest 90 | . 90 90 Shots Fired 65 | . 22 43 Gun 57 | . 22 35 Cannon . | . . . Launcher 8 | . . 8 Special . | . . . Kinetic 3 | . . 3 Thermal 54 | . 22 32 Explosive 8 | . . 8 Electromagnetic . | . . . Robot Hit Streak 14 | . 14 4 Robot Miss Streak 3 | . 3 3 Penetration Max . | . . . Secondary Targets . | . . . Shots Hit Robots 46 | . 18 28 Core Hits 31 | . 4 27 Critical Kills . | . . . Critical Parts Destroyed . | . . . Critical Strikes 1 | . 1 . Burn 1 | . 1 . Melee Attacks . | . . . Impact . | . . . Slashing . | . . . Piercing . | . . . Sneak Attacks . | . . . Combat Hostiles . | . . . Follow-up Attacks . | . . . Damage Inflicted 1295 | . 207 1088 Guns 515 | . 207 308 Cannons . | . . . Explosions 779 | . . 779 Melee . | . . . Ramming 1 | . . 1 Kinetic 25 | . . 25 Thermal 532 | . 207 325 Explosive 737 | . . 737 Electromagnetic . | . . . Impact . | . . . Slashing . | . . . Piercing . | . . . Highest Corruption . | . . . Average Corruption . | . . . Corruption Purged . | . . . Corruption Blocked . | . . . Overload Shots . | . . . Overflow Damage 35 | . . 35 Projectiles . | . . . Explosions 35 | . . 35 Melee . | . . . Knockbacks . | . . . Impact . | . . . Kinetic . | . . . Secondary . | . . . Self-Inflicted Damage 106 | . . 106 Shots 4 | . . 4 Rammed . | . . . Targets Rammed 1 | . . 1 Kicked 1 | . . 1 Crushed . | . . . Highest Temperature 352 | . 324 352 Average Temperature 149 | . 145 152 Received Heat Transfer 430 | . 102 328 Effects 3 | . . 3 Shutdowns 1 | . . 1 Interference 1 | . . 1 Damage (minor) 1 | . . 1 Siege Activations . | . . . Martial Activations . | . . . Shielding Activations . | . . . Robots Disrupted . | . . . Combat Hostiles . | . . . Robots Corrupted . | . . . Combat Hostiles . | . . . Parts Fried . | . . . Impact Corruptions . | . . . Robots Melted . | . . . Combat Hostiles . | . . . Parts Melted 1 | . 1 . Heat Transferred 1437 | . 620 817 Parts Sabotaged . | . . . Parts Stolen . | . . . Parts Stripped . | . . . Power Chain Reactions . | . . . Alert | -11 -10 -10 ------- Run | Yrd Mat Min Maximum Alert Level . | . . . Low Security (%) 100 | 100 100 100 Level 1 . | . . . Level 2 . | . . . Level 3 . | . . . Level 4 . | . . . Level 5 . | . . . High Security . | . . . Max Security . | . . . Peak Influence 137 | . 40 137 Initial 8 | . . 8 Average 21 | . 3 48 Influence Increases 296 | . 50 246 Destroy 0b10 Robot/C 180 | . 40 140 Destroy 0b10 Robot/NC 10 | . . 10 Destroy Leader 40 | . 10 30 Disable Machine 15 | . . 15 Destroy Structure 51 | . . 51 Influence Decreases 250 | . 28 222 Entered New Map 14 | . . 14 Time Decay 166 | . 28 138 Lost Part 70 | . . 70 Squads Dispatched 2 | . 2 . Investigation . | . . . Extermination . | . . . Reinforcement 2 | . 2 . Assault . | . . . Garrison . | . . . Intercept . | . . . Searches Triggered . | . . . Construction Impeded . | . . . Haulers Reinforced . | . . . Active Scanning Responses . | . . . Cargo Convoy Interrupts . | . . . Stealth | -11 -10 -10 --------- Run | Yrd Mat Min Distress Signals 1 | . 1 . Communications Jammed . | . . . Distress Signals . | . . . Times Spotted 35 | . 9 26 Peak Tracking Total 20 | . 5 20 Tactical Retreats 2 | . . 2 Traps | -11 -10 -10 ------- Run | Yrd Mat Min Traps Triggered . | . . . Indirectly . | . . . Trap Hack Attempts . | . . . Triggered . | . . . Disarmed . | . . . Reprogrammed . | . . . Reused . | . . . Traps Extracted . | . . . Installed . | . . . Triggered . | . . . Machines | -11 -10 -10 ---------- Run | Yrd Mat Min Machines Disabled 1 | . . 1 Max in Single Turn 1 | . . 1 Machines Repaired . | . . . Machines Dismantled . | . . . Machines Sabotaged . | . . . Overloaded Fab Kills . | . . . Hacking | -11 -10 -10 --------- Run | Yrd Mat Min Machines Accessed 1 | . 1 . Terminals 1 | . 1 . Fabricators . | . . . Repair Stations . | . . . Recycling Units . | . . . Scanalyzers . | . . . Garrison Access . | . . . Total Hacks 1 | . 1 . Successful . | . . . Failed 1 | . 1 . Catastrophic . | . . . Database Lockouts . | . . . Manual . | . . . Terminals 1 | . 1 . Fabricators . | . . . Repair Stations . | . . . Recycling Units . | . . . Scanalyzers . | . . . Garrison Access . | . . . Terminal Hacks . | . . . Fabricator Hacks . | . . . Repair Station Hacks . | . . . Recycling Unit Hacks . | . . . Scanalyzer . | . . . Garrison Access Hacks . | . . . Unauthorized Hacks . | . . . Terminals . | . . . Fabricators . | . . . Repair Stations . | . . . Recycling Units . | . . . Scanalyzers . | . . . Garrison Access . | . . . Data Cores Recovered . | . . . Used . | . . . Hacking Detections 1 | . 1 . Full Trace Events . | . . . Feedback Events . | . . . Feedback Blocked . | . . . Robot Schematics Acquired . | . . . Robots Built . | . . . Authchips . | . . . Time . | . . . Total Robot Build Rating . | . . . Part Schematics Acquired . | . . . Parts Built . | . . . Authchips . | . . . Time . | . . . Total Part Build Rating . | . . . Part Studies Acquired . | . . . Parts Repaired . | . . . Time . | . . . Parts Recycled . | . . . Recycled Matter . | . . . Retrieved Matter . | . . . Retrieved Components . | . . . Parts Scanalyzed . | . . . Part Schematics Acquired . | . . . Parts Damaged . | . . . Bothacking | -11 -10 -10 ------------ Run | Yrd Mat Min Used RIF Installer . | . . . Robots Hacked . | . . . Non-combat . | . . . Combat . | . . . Robot Hacks Applied . | . . . Relay Couplers Released . | . . . Fabnet Peak Effective % . | . . . Robots Rewired . | . . . Allies Hacked . | . . . Hacks Repelled . | . . . Allies | -11 -10 -10 -------- Run | Yrd Mat Min Total Allies . | . . . Largest Group . | . . . Highest-Rated Group . | . . . Highest-Rated Ally . | . . . Total Orders . | . . . Ally Attacks . | . . . Total Damage . | . . . Kills . | . . . Allies Corrupted . | . . . Allies Melted . | . . . Intel | -11 -10 -10 ------- Run | Yrd Mat Min Active Infowar (turns) 221 | . 221 . Terrain 221 | . 221 . Robot Analysis Total . | . . . Derelict Logs Recovered . | . . . Drone Launches . | . . . Drone Recoveries . | . . . Exploration | -11 -10 -10 ------------- Run | Yrd Mat Min Turns Passed 859 | 96 414 349 Spaces Moved 426 | 75 157 194 Core 16 | 16 . . Treads . | . . . Legs 410 | 59 157 194 Wheels . | . . . Hover . | . . . Flight . | . . . Fastest Speed 50 | 50 120 120 Average Speed 119 | 113 120 120 Slowest Speed 190 | 120 120 190 Overloaded Moves . | . . . Propulsion Burnouts . | . . . Robots Hopped . | . . . Potential Cave-ins . | . . . Cave-ins Triggered . | . . . Exploration Rate (%) 23 | 5 32 32 Regions Visited 2 Branch Regions 1 Pre-discovered Areas . | . . . Known Exits Taken . | . . . Unknown Exits Taken 2 | 1 1 . Scrap Searched . | . . . Spaces Dug . | . . . Terrain Destroyed 60 | . . 60 Melee . | . . . Projectile . | . . . AOE 60 | . . 60 Terrain Rammed . | . . . Walls Destroyed . | . . . Machines Disabled . | . . . Actions | -11 -10 -10 --------- Run | Yrd Mat Min Total 716 | 85 361 270 Wait 209 | . 185 24 Move 424 | 74 156 194 Hop . | . . . Pick Up 15 | 7 4 4 Fast Attach . | . . . Attach 14 | 4 4 6 Detach 3 | . 1 2 Swap 2 | . . 2 Drop 3 | . . 3 Fire 45 | . 11 34 Melee . | . . . Ram . | . . . Kick 1 | . . 1 Crush . | . . . Escape Stasis . | . . . Rewire . | . . . Trap . | . . . Miscellaneous . | . . . Route ------- -11/Scrapyard -10/Materials -10/Mines History --------- Turn | Location | Event 8 | -11/Scrapyard | Discovered new exit (range 16) 97 | -11/Scrapyard | Entered Materials 311 | -10/Materials | Build established: Mutant 492 | -10/Materials | Discovered new exit (range 16) 511 | -10/Materials | Entered Mines 801 | -10/Mines | Assembled infested the area 806 | -10/Mines | Assisted by a Guerilla fighting off Assembled 841 | -10/Mines | Core integrity fell below 50% 858 | -10/Mines | Core integrity fell below 20% 860 | -10/Mines | Destroyed by as-80444 with Assembled F-torch Last Messages --------------- 00842_ as-16239 destroyed. 00844_ Aluminum Leg destroyed. 00844_ Ion Engine destroyed. 00847_ Acquired 4 matter. 00848_ Acquired 38 matter. 00851_ as-79649 destroyed. 00851_ Grenade Launcher destroyed. 00851_ Destroyed Grenade Launcher. 00853_ U-05 Engineer lays Concrete. 00853_ Kicked as-81790. 00854_ The unstable cave ceiling collapses. 00854_ U-05 Engineer lays Concrete. 00854_ U-05 Engineer builds a Wall. 00855_ U-05 Engineer lays Concrete. 00856_ Aluminum Leg destroyed. 00857_ The unstable cave ceiling collapses. 00857_ Destroyed Asb. Hover Unit. 00857_ U-05 Engineer lays Concrete. 00859_ Lgt. Ion Engine destroyed. 00859_ U-05 Engineer builds a Wall. Map ----- +----------------------------------------------------+ | ?????????????????????????# ?????????????? | | ???????????????????? ???# ?????????????? | | ???????????????????? ??? ?????????????? | | ???????????????????? ??? ?????????????? | | ???????????????????? ??? ?????????????? | | ???????????????????? ??? ?????????????? | | ???????????????????? ???#% ?????????????? | | ???????????????????# ???# #?????????????? | | ??????????????????? #??# #?????????????? | | ???????????????????# #??#%#??########???? | | ???????????????????# #?##%#??# #???? | | ???????????????????# #? #%#### ##??? | | ???????????????????# ### "#??? | | ???????????????????# ## #% "#??? | | ??????????????????## # "#??? | | ??????????????????# # "#??? | | ??????????????????# a% #??? | | ??????????????????# ## = ""???? | | ??????????????????# % ## [ #????? | | ?????????????# #### # ### =##????? | | ?????????????## ??## ##?# #?????? | | ??????????????## ????###!###### ##????? | | ???????????????# ?????# #a ##???? | | ??????????????? ??????# a%au aa ##??? | | ?????????????? ?????###aaa #??? | | ?????????????##??????# u@ #??? | | ????????????????????# # #??? | | ???????????????????# %#### #??? | | ???????????????????# ##?## #??? | | ?????????????##????# ##??## #??? | | ????????????? ###### #???## #??? | | ?????????????? ### #???## #??? | | ?????????????? ????# #??? | | ??????????????? ????# ##??? | | ??????????????? #????# #???? | | ???????????????# ## ?????## #???? | | ???????????????# ##?## ??????# #???? | | ??????########?# #???# ??????# #???? | | ??????#% #?# #??? ??????# #???? | | ??????# #?# #??? ??????## ##??? | | ??????# #?# #??????????????## ##?? | | ??????# ### ###### #??????## #?? | | ??????# #??????# #?? | | ??????# ###### ### #??????# #?? | | ??????### ###????# #???????????# ##?? | | ????????# #??????# #???????????## ##??? | | ????????# #??????# #????????????# #???? | | ????????# #??????# #????????????# #???? | | ????????# #??????# #????????????# #???? | | ????????# #??????# #????????????# #???? | +----------------------------------------------------+ Best States ------------- Heat Dissipation 25 Energy Generation 10 Energy Capacity 250 Matter Stores 300 Matter Capacity 300 Sight Range 16 Terrain Scan Range 14 Terrain Scan Density 10 Core Shielding 20 Evasion (%) 55 Item Schematics ----------------- None Robot Schematics ------------------ None Fabricated ------------ Nothing Repaired ---------- Nothing Studied --------- None Alien Tech Used ----------------- None Achievements -------------- Hunted Challenges ------------ None Game ------ Seed HypertargetingJunkCalibrator Manual? 0 Play Time 00:11:35 Cumulative 20.1 hours Start 2025.11.11 @ 11:56:08 End 2025.11.11 @ 12:03:40 Sessions 1 Manual Loads 0 Difficulty Rogue Special Mode None Game No. 60 Rogue 60 Adventurer 0 Explorer 0 Win Type - Total 0 Types 0/0/0/0/0/0/0/0/0/0 Lore% 5 Gallery% 18 Achievement% 14 Wizard Run 0 Options --------- Layout 1 ASCII 0 Keyboard 0 Movement Mouse Keybinds 0 Fullscreen 1 Font 24/Terminus Map View 50x35 Zoom Use 0% Tactical HUD 1 Map Filters NONE Filters NONE Steam 1 RUN: c87c116a-445b-4e92-a86c-96393b38c4c5